 Dungeon Crawl Stone Soup version 0.28-a0-723-g095bd1b44f (webtiles) character file.

Game seed: 3164605092071340877

37415 BlueGoblin the Spry (level 13, -7/59 HPs)
             Began as a Vine Stalker Monk on Oct 26, 2021.
             Was a High Priest of Yredelemnul.
             Mangled by a death yak (8 damage)
             ... while petrified by a catoblepas
             ... on level 6 of the Lair of Beasts.
             The game lasted 00:34:16 (15944 turns).

BlueGoblin the Spry (Vine Stalker Monk)            Turns: 15944, Time: 00:34:17

Health: -7/59      AC: 10    Str: 14    XL:     13   Next: 96%
Magic:  0/36       EV:  2    Int: 10    God:    Yredelemnul [*****.]
Gold:   2952       SH:  0    Dex: 22    Spells: 12/12 levels left

rFire   . . .      SeeInvis .   a - +4 dagger (venom)
rCold   . . .      Faith    .   o - +0 buckler
rNeg    + + +      Spirit   +   F - +0 robe
rPois   ∞          Reflect  .   H - +2 helmet
rElec   .          Harm     .   t - +0 cloak
rCorr   .          Rampage  .   O - +2 pair of gloves
Will    +....                   r - +0 pair of boots
Stlth   +++.......              u - amulet of regeneration
HPRegen 2.19/turn               M - ring of magical power
MPRegen 0.25/turn               h - ring of magical power

@: petrified
A: fangs 3, regeneration 1, magic shield, antimagic bite, no potion heal 2
a: Renounce Religion, Recall Undead Slaves, Injury Mirror, Animate Dead, Drain
Life, Enslave Soul


You were on level 6 of the Lair of Beasts.
You worshipped Yredelemnul.
Yredelemnul was extremely pleased with you.
You visited 3 branches of the dungeon, and saw 17 of its levels.

You collected 2952 gold pieces.

Inventory:

Hand Weapons
 a - a +4 dagger of venom (weapon)
 b - a +3 dagger
Missiles
 d - 510 stones
 i - 131 bolts
 l - 160 sling bullets
 m - 6 curare-tipped darts
 s - 5 datura-tipped darts
 A - 124 poisoned darts
Armour
 o - a +0 buckler (worn)
 r - a +0 pair of boots (worn)
 t - a +0 cloak (worn)
 F - a +0 robe (worn)
 H - a +2 helmet (worn)
 O - a +2 pair of gloves (worn)
Jewellery
 g - a ring of willpower
 h - a ring of magical power (right hand)
 q - a ring of see invisible
 u - an amulet of regeneration (around neck)
 C - a +6 ring of intelligence
 I - a ring of fire
 M - a ring of magical power (left hand)
 Q - a +4 ring of evasion
 S - a ring of magical power
 T - a ring of protection from fire
Wands
 p - a wand of polymorph (1)
 x - a wand of iceblast (9)
 y - a wand of charming (5)
 G - a wand of paralysis (26)
 L - a wand of digging (5)
 P - a wand of acid (10)
 R - a wand of mindburst (10)
Scrolls
 w - 4 scrolls of teleportation
 E - a scroll of holy word {unknown}
 J - a scroll of amnesia
 K - a scroll of identify
 U - a scroll of fear
 W - a scroll of immolation {unknown}
Potions
 c - 3 potions of brilliance
 e - a potion of resistance {unknown}
 f - a potion of ambrosia
 j - 6 potions of curing
 k - 2 potions of cancellation
 n - 4 potions of attraction
 v - 6 potions of might
 z - a potion of haste {unknown}
 B - a potion of magic {unknown}
 D - 2 potions of flight {unknown}
 N - a potion of berserk rage {unknown}
 V - 2 potions of lignification {unknown}


   Skills:
 - Level 2.6 Fighting
 - Level 2.6 Short Blades
 - Level 18.5 Dodging
 - Level 2.4 Stealth
 - Level 4.1 Shields
 + Level 6.5 Invocations


You had 12 spell levels left.
You didn't know any spells.
Your spell library contained the following spells:

 Spells                   Type           Power      Damage    Failure   Level
 Magic Dart               Conj           0%         1d3       36%         1
 Call Imp                 Summ           0%         N/A       50%         2
 Corpse Rot               Necr/Air       0%         N/A       50%         2
 Poisonous Vapours        Pois/Air       0%         N/A       50%         2
 Slow                     Hex            0%         N/A       50%         2
 Call Canine Familiar     Summ           0%         N/A       75%         3
 Confusing Touch          Hex            0%         N/A       75%         3
 Frozen Ramparts          Ice            0%         1d2       75%         3
 Gell's Gravitas          Tloc           0%         N/A       75%         3
 Lesser Beckoning         Tloc           0%         N/A       75%         3
 Mephitic Cloud           Conj/Pois/Air  0%         N/A       75%         3
 Portal Projectile        Hex/Tloc       0%         N/A       75%         3
 Teleport Other           Tloc           0%         N/A       75%         3
 Vampiric Draining        Necr           0%         2d6       75%         3
 Ice Form                 Ice/Tmut       0%         N/A       98%         4
 Leda's Liquefaction      Hex/Erth       0%         N/A       98%         4
 Summon Ice Beast         Ice/Summ       0%         N/A       98%         4
 Fireball                 Conj/Fire      0%         3d3       100%        5
 Starburst                Conj/Fire      0%         6d3       100%        6
 Malign Gateway           Summ/Tloc      0%         N/A       100%        7
 Ignition                 Fire           0%         3d3       100%        8
 Summon Horrible Things   Summ           0%         N/A       100%        8


Dungeon Overview and Level Annotations

Branches:
Dungeon (10/15)            Temple (1/1) D:4            Lair (6/6) D:10
 Shoals (0/4) Lair:3       Spider (0/4) Lair:4        Slime (0/5) Lair:6
    Orc: D:9-12

Altars:
Ashenzari
Cheibriados
Dithmenos
Elyvilon
Fedhas
Gozag
Hepliaklqana
Kikubaaqudgha
Makhleb
Nemelex Xobeh
Okawaru
Qazlal
Ru
Sif Muna
Trog
Uskayaw
Vehumet
Wu Jian
Xom
Yredelemnul
Zin
The Shining One
Jiyva

Annotations:
Lair:2 2 transporters, Xoucvac's ghost, journeyman MiFi


Innate Abilities, Weirdness & Mutations

You have razor-sharp teeth.
Your natural rate of healing is unusually fast.
When hurt, damage is shared between your health and your magic reserves.
Your bite disrupts and absorbs the magic of your enemies.
Potions cannot restore your health.


Message History

The deep troll shaman claws you. The death yak gores you!
The death yak is engulfed in calcifying dust.
The death yak stops moving altogether!
The death yak gores you!
You are engulfed in calcifying dust.
The catoblepas barely misses you.
The death yak is engulfed in calcifying dust.
The deep troll shaman bites you but does no damage.
The deep troll shaman claws you. The deep troll shaman claws you!
The death yak gores you.
The death yak gores you but does no damage.
The death yak is engulfed in calcifying dust.
You are engulfed in calcifying dust.
The catoblepas gores you!!
The death yak is engulfed in calcifying dust.
The deep troll shaman bites you!
The deep troll shaman claws you but does no damage.
The deep troll shaman claws you!
* * * LOW HITPOINT WARNING * * *
The death yak is engulfed in calcifying dust.
The death yak gores you but does no damage.
You are engulfed in calcifying dust.
The deep troll shaman stops moving altogether!
The catoblepas gores you!
* * * LOW HITPOINT WARNING * * *
The death yak is engulfed in calcifying dust.
The death yak gores you but does no damage. x2
The catoblepas breathes a plume of calcifying dust at you.
The blast of calcifying dust hits you!
* * * LOW HITPOINT WARNING * * *
The blast of calcifying dust hits the death yak.
The blast of calcifying dust hits the death yak but does no damage.
The death yak is engulfed in calcifying dust.
The death yak gores you but does no damage.
The death yak is engulfed in calcifying dust.
The death yak gores you but does no damage.
You are engulfed in calcifying dust.
The catoblepas gores you!!
* * * LOW HITPOINT WARNING * * *
The death yak gores you!!
* * * LOW HITPOINT WARNING * * *
The death yak gores you!!
You die...
Your body rises from the dead as a mindless zombie.

## #.### ##...########
#.♣.....Z...###
#.....##......##
##...Z.##......##
##.#)ZZ.###.....######
##..#.Y....###..÷##.#..
##..##Y@Y.....#....##...
#..P#..YT#..8.##....##..
#...#..Y##.....#.....#..
#...#..## #..8.#♣....#..
#..Z#... ....#....♣#..
##..#..Y .÷.##....#..
#.Z##.8 #...##.. #.Z.#.
#...#... #.Z.## #..##...


You could see 4 death yaks, a catoblepas (poisoned, ally target), a deep troll
shaman (petrified) and 3 friendly wolf zombies.

Vanquished Creatures
  The ghost of gonz the Destroyer, a journeyman DrCj of Vehumet (D:9)
  5 hydras
  A death yak (Lair:6)
  2 two-headed ogres
  A cyclops (D:7)
  A manticore (Lair:3)
  5 elephants
  10 cane toads
  2 black mambas
  A torpor snail (Lair:4)
  2 rime drakes
  5 komodo dragons
  A troll (D:10)
  A polar bear (Lair:4)
  3 blink frogs (Lair:2)
  11 dream sheep
  A meliai zombie (D:10)
  14 yaks
  4 wyverns
  4 basilisks
  An acid dragon (D:9)
  8 water moccasins
  An orc warrior (D:9)
  A black bear (Lair:2)
  4 ice beasts (D:9)
  2 sky beasts
  3 ogres
  38 wolves
  A centaur (D:9)
  A phantom (D:6)
  4 bullfrogs
  2 kobold brigands (D:9)
  A gnoll sergeant (D:8)
  3 scorpions
  A wyvern skeleton (D:7)
  A water moccasin skeleton (D:5)
  6 killer bees (D:5)
  6 wights
  2 howler monkeys
  A centaur zombie (D:6)
  9 hounds
  2 gnoll shamans
  An orc priest (D:5)
  2 jellies
  Ijyb (D:3)
  4 iguanas
  3 orc wizards
  A hell rat (Lair:2)
  A howler monkey zombie (D:9)
  13 gnolls
  A howler monkey skeleton (D:7)
  8 adders
  2 shadow imps (D:8)
  5 white imps
  2 howler monkey simulacra (D:9)
  An ufetubus (D:7)
  An adder skeleton (D:4)
  2 worms (D:2)
  15 orcs
  4 ball pythons
  9 endoplasms
  6 giant cockroaches
  9 goblins
  10 hobgoblins
  3 jackals
  3 quokkas
  A bat (D:3)
  A frilled lizard (D:2)
  21 kobolds
  6 rats
309 creatures vanquished.

Vanquished Creatures (collateral kills)
  A catoblepas (Lair:6)
  A lindwurm (Lair:4)
  6 elephants
  A centaur zombie (D:10)
  4 cane toads
  3 black mambas
  4 komodo dragons
  A wind drake (Lair:3)
  2 polar bears (Lair:6)
  2 blink frogs (Lair:2)
  3 dream sheep
  2 wyverns
  A vampire (D:10)
  12 yaks
  4 water moccasins
  10 wolves
  A kobold brigand (D:7)
  5 bullfrogs
  A wyvern zombie (D:8)
  3 wights
  A howler monkey (D:10)
  4 electric eels (D:10)
  2 hounds
  An orc priest (D:9)
  A scorpion zombie (D:5)
  6 hell rats (Lair:2)
  4 gnolls
  4 orcs
  A goblin (D:5)
  5 kobolds
  A butterfly (Lair:5)
97 creatures vanquished.

Vanquished Creatures (others)
  A skeletal warrior (Lair:6)
  A phantasmal warrior (Lair:5)
  2 wraiths
  4 wights
  2 hydra zombies
  A mummy (D:8)
  2 black mamba zombies
  2 wyvern zombies (Lair:4)
  3 blink frog zombies (Lair:2)
  4 dream sheep zombies (Lair:6)
  7 elephant zombies
  A komodo dragon zombie (Lair:6)
  A lindwurm zombie (Lair:4)
  3 polar bear zombies
  5 water moccasin zombies
  9 yak zombies
  3 cane toad zombies
  A rime drake zombie (Lair:3)
  2 basilisk zombies
  A sky beast zombie (D:5)
  A bullfrog zombie (Lair:3)
  A centaur zombie (D:9)
  A dwarf skeleton (Lair:6)
  A gnoll zombie (D:8)
  2 hell rat zombies (Lair:2)
  A hobgoblin zombie (D:5)
  A hound zombie (D:5)
  A howler monkey zombie (D:10)
  An iguana zombie (D:5)
  5 kobold zombies (D:9)
  An orc skeleton (Lair:6)
  6 orc zombies
  A scorpion zombie (D:5)
  A troll zombie (D:10)
  14 wolf zombies
  54 fungi
  80 plants
227 creatures vanquished.

Grand Total: 633 creatures vanquished

Notes
Turn   | Place    | Note
-------+----------+-------------------------------------------
     0 | D:1      | BlueGoblin the Vine Stalker Monk began the quest for the
                  | Orb.
     0 | D:1      | Reached XP level 1. HP: 11/11 MP: 2/2
   320 | D:1      | Reached XP level 2. HP: 16/16 MP: 3/3
   612 | D:1      | Reached skill level 3 in Dodging
   876 | D:1      | Found a faded altar of an unknown god.
  1111 | D:2      | Reached XP level 3. HP: 7/19 MP: 2/4
  2172 | D:2      | Reached skill level 4 in Dodging
  2172 | D:2      | Gained mutation: Your natural rate of healing is unusually
                  | fast. [Vine Stalker growth]
  2172 | D:2      | Reached XP level 4. HP: 23/23 MP: 5/5
  2867 | D:3      | Noticed Ijyb
  2893 | D:3      | Killed Ijyb
  2894 | D:3      | Reached skill level 1 in Shields
  2894 | D:3      | Reached XP level 5. HP: 12/27 MP: 2/6
  3283 | D:3      | Found an opulent altar of Gozag.
  3635 | D:4      | Reached XP level 6. HP: 32/32 MP: 7/7
  3714 | D:4      | Found a staircase to the Ecumenical Temple.
  3890 | D:5      | Entered Level 5 of the Dungeon
  3921 | Temple   | Entered the Ecumenical Temple
  4092 | Temple   | Became a worshipper of Yredelemnul the Dark
  4092 | Temple   | Reached * piety under Yredelemnul
  4092 | Temple   | Reached ** piety under Yredelemnul
  4238 | D:5      | Noticed a sky beast
  4270 | D:5      | Killed a sky beast
  4271 | D:5      | Reached skill level 5 in Dodging
  4271 | D:5      | Reached XP level 7. HP: 26/35 MP: 8/8
  4401 | D:5      | Reached skill level 6 in Dodging
  4734 | D:5      | Gained mutation: You have razor-sharp teeth. [Vine Stalker
                  | growth]
  4734 | D:5      | Reached XP level 8. HP: 39/39 MP: 9/9
  5064 | D:5      | Reached *** piety under Yredelemnul
  5065 | D:5      | Reached skill level 7 in Dodging
  5844 | D:5      | Reached skill level 8 in Dodging
  6007 | D:6      | Received a gift from Yredelemnul (a mummy)
  6208 | D:6      | Reached XP level 9. HP: 43/43 MP: 10/10
  6304 | D:6      | Reached skill level 9 in Dodging
  6801 | D:7      | Noticed a cyclops
  6818 | D:7      | Killed a cyclops
  7025 | D:7      | Received a gift from Yredelemnul (a wight)
  7332 | D:7      | Reached skill level 10 in Dodging
  7493 | D:7      | Found a radiant altar of Vehumet.
  7497 | D:7      | Found a shimmering altar of Xom.
  7924 | D:8      | Found a hide-covered altar of Uskayaw.
  8117 | D:8      | Found a glowing golden altar of the Shining One.
  8300 | D:8      | Identified 2 scrolls of acquirement
  8300 | D:8      | Acquired 1063 gold pieces
  8348 | D:8      | Acquired 690 gold pieces
  8396 | D:9      | Reached **** piety under Yredelemnul
  8461 | D:9      | Reached skill level 11 in Dodging
  8502 | D:9      | Found a runed translucent gate.
  8502 | D:9      | Found a runed translucent gate.
  8502 | D:9      | Found a runed translucent gate.
  8530 | D:9      | Noticed a two-headed ogre
  8546 | D:9      | Killed a two-headed ogre
  8547 | D:9      | Reached XP level 10. HP: 30/47 MP: 11/11
  8573 | D:9      | Noticed gonz's ghost (journeyman DrCj)
  8590 | D:9      | Received a gift from Yredelemnul (a wight)
  8802 | D:9      | Noticed a two-headed ogre
  8864 | D:9      | Killed gonz's ghost
  8865 | D:9      | Reached skill level 12 in Dodging
  8914 | D:8      | Killed a two-headed ogre
  9064 | D:9      | Reached skill level 13 in Dodging
  9252 | D:9      | Received a gift from Yredelemnul (a wraith)
  9434 | D:10     | Entered Level 10 of the Dungeon
  9447 | D:10     | Found a burning altar of Makhleb.
  9450 | D:10     | Noticed an Executioner
  9491 | D:10     | Reached XP level 11. HP: 48/51 MP: 12/12
  9667 | D:10     | Found a staircase to the Lair.
 10001 | Lair:1   | Entered Level 1 of the Lair of Beasts
 10471 | Lair:1   | Reached skill level 14 in Dodging
 10885 | Lair:2   | Received a gift from Yredelemnul (a wight)
 11001 | Lair:2   | Found a transporter.
 11001 | Lair:2   | Found a transporter.
 11197 | Lair:2   | Noticed Xoucvac's ghost (journeyman MiFi)
 11777 | Lair:3   | Found a staircase to the Shoals.
 11778 | Lair:3   | Noticed a manticore
 11782 | Lair:3   | Noticed a four-headed hydra
 11838 | Lair:3   | Killed a four-headed hydra
 11839 | Lair:3   | Reached skill level 15 in Dodging
 11899 | Lair:3   | Reached XP level 12. HP: 56/56 MP: 13/13
 11909 | Lair:3   | Reached ***** piety under Yredelemnul
 11969 | Lair:3   | Reached skill level 16 in Dodging
 12363 | Lair:3   | Received a gift from Yredelemnul (a wraith)
 12789 | Lair:4   | Found a hole to the Spider Nest.
 12796 | Lair:4   | Reached skill level 17 in Dodging
 12931 | Lair:4   | Received a gift from Yredelemnul (a wight)
 13067 | Lair:4   | Reached XP level 13. HP: 48/59 MP: 14/14
 13258 | Lair:4   | Found a runed translucent door.
 13844 | Lair:5   | Received a gift from Yredelemnul (a phantasmal warrior)
 13967 | Lair:5   | Reached skill level 18 in Dodging
 14625 | Lair:6   | Entered Level 6 of the Lair of Beasts
 14807 | Lair:6   | Found a staircase to the Slime Pits.
 14807 | Lair:6   | Found a viscous altar of Jiyva.
 15006 | Lair:6   | Reached skill level 1 in Invocations
 15033 | Lair:6   | Received a gift from Yredelemnul (a skeletal warrior)
 15343 | Lair:6   | Reached skill level 5 in Invocations
 15544 | Lair:6   | Received a gift from Yredelemnul (a wraith)
 15599 | Lair:6   | Reached ****** piety under Yredelemnul
 15944 | Lair:6   | HP: 1/59 [death yak (7)]
 15944 | Lair:6   | Mangled by a death yak

Illustrated notes

Levels and vault maps discovered:
D:1:      onia_arrival_mini_maze_b, layout_basic,
          dilly_ecumenical_altar_fadedgnrine, st_stairs_9
D:2:      layout_loops_cross, minmay_pentomino_s4
D:3:      layout_basic, nicolae_gozag_cash_rules_everything_around_me, uniq_ijyb
D:4:      layout_rooms, temple_pool_b
D:5:      corexii_shantytown, layout_basic, grunt_tough_drop
D:6:      layout_loops_ring
D:7:      layout_basic, nicolae_overflow_hidden_temple
D:8:      layout_rooms, kennysheep_mini, marbit_many_paths
D:9:      layout_rooms, gammafunk_ghost_icy, columned_hall_lemuel
D:10:     layout_irregular_city, makhleb_altar_promises_db, erik_lair_island,
          water_boxes_lemuel
Temple:   eino_temple_rhombus
Lair:1:   layout_loops_ring, chequers_serial_rivers_micro_d, minivault_23,
          lemuel_fruit_tree
Lair:2:   layout_gridlike, gammafunk_ghost_hive
Lair:3:   layout_roguey, minmay_shoals_entry_beasts,
          grunt_forest_large_clearings, grunt_megastairs_2,
          infiniplex_staircase_pool_2
Lair:4:   layout_roguey, spider_nest_entry_web_field, pf_torpor_hydra,
          serial_bayou_shore_b, grunt_megastairs_4
Lair:5:   layout_regular_city, lemuel_fruit_fields, grunt_megastairs_5
Lair:6:   grunt_lair_end_beastmaster, layout_regular_city, slime_altar_1

Skill      XL: |  1  2  3  4  5  6  7  8  9 10 11 12 13 |
---------------+----------------------------------------+-----
Dodging        | 3 4 5 6 8 11 13 15 17 18 | 18.5
Shields        | 1 3 4 |  4.1
Invocations    | 6 |  6.5
Fighting       | |  2.6
Short Blades   | |  2.6
Stealth        | |  2.4

Action                   |  1- 3 |  4- 6 |  7- 9 | 10-12 | 13-15 || total
-------------------------+-------+-------+-------+-------+-------++-------
Melee: Short sword       |    73 |   183 |   217 |       |       ||   473
       Bite              |    17 |    63 |   235 |   423 |   187 ||   925
       Dagger            |       |       |   329 |  1008 |   408 ||  1745
Invok: Animate Remains   |       |     1 |     7 |       |       ||     8
       Animate Dead      |       |       |    19 |    45 |    30 ||    94
       Recall Undead Sla |       |       |     3 |       |       ||     3
       Drain Life        |       |       |       |     1 |       ||     1
  Use: Scroll            |       |     4 |     7 |     6 |     7 ||    24
 Stab: Sleeping          |     5 |     9 |    14 |     7 |       ||    35
       Distracted        |       |       |     3 |     6 |     3 ||    12
       Petrifying        |       |       |       |       |     1 ||     1
       Petrified         |       |       |       |       |     1 ||     1
Armor: Robe              |    12 |    32 |    51 |   202 |   107 ||   404
Dodge: Dodged            |    39 |   107 |   419 |  1201 |   644 ||  2410
Block: Buckler           |       |    45 |   162 |   366 |   178 ||   751

Table legend: (Time is in decaauts)
 A = Elapsed time spent in this place.
 B = Non-inter-level travel time spent in this place.
 C = Inter-level travel time spent in this place.
 D = Time resting spent in this place.
 E = Time spent auto-exploring this place.
 F = Levels seen in this place.
 G = Mean time per level.
                   A        B        C        D        E       F      G
               +--------+--------+--------+--------+--------+-----+--------+
         Total |  15737 |  15107 |    630 |    962 |  10345 |  17 |  925.7 |
       Dungeon |   9706 |   9227 |    479 |    950 |   5971 |  10 |  970.6 |
        Temple |    187 |    172 |     15 |      0 |    139 |   1 |  187.0 |
          Lair |   5844 |   5709 |    135 |     12 |   4234 |   6 |  974.0 |
               +--------+--------+--------+--------+--------+-----+--------+

Top non-repeatable levels by time:
     D:1: 1898 daAuts
     D:5: 1613 daAuts
  Lair:6: 1288 daAuts
  Lair:4: 1165 daAuts
     D:9: 987 daAuts
     D:6: 966 daAuts
  Lair:5: 902 daAuts
  Lair:3: 884 daAuts
     D:2: 872 daAuts
     D:7: 856 daAuts
  Lair:1: 821 daAuts
  Lair:2: 781 daAuts
     D:8: 770 daAuts
     D:3: 726 daAuts
    D:10: 561 daAuts
